[Event "Krakow Championship-A 2022"]
[Site "Krakow"]
[Date "2022.06.28"]
[Round "5.10"]
[White "Kozak, Antoni"]
[Black "Sieber, Fiona"]
[Result "1-0"]
[ECO "A04"]
[WhiteElo "2459"]
[BlackElo "2264"]
[Annotator "TA"]
[PlyCount "125"]
[EventDate "2022.06.25"]
[EventType "swiss"]
[EventCountry "POL"]
[SourceTitle "playchess.com"]
[Source "ChessBase"]
[SourceQuality "1"]
[TimeControl "40/5400+30:1800+30"]

1. Nf3 c5 2. c4 Nc6 3. Nc3 g6 4. e3 Nf6 5. d4 cxd4 6. exd4 d5 7. cxd5 Nxd5 8. Qb3 Nxc3 9. Bc4 Nd5 10. Bxd5 e6 11. Bxc6+ bxc6 12. O-O Be7 {[%emt 0:00:20] A35: Symmetrical English: 2 Nc3 Nc6 3 Nf3.} 13. Bf4 Qd5 14. Qxd5 cxd5 {[%emt 0:02:48] The position is equal.} 15. Rfc1 f6 16. Rc7 g5 17. Rac1 Bd7 18. Bg3 Bd8 19. Rb7 Bb6 {[%emt 0:00:24] [#]} 20. Bd6 $146 ({Predecessor:} 20. Bb8 Ke7 21. Bxa7 Rxa7 22. Rxb6 Rxa2 23. h4 g4 24. Nh2 Rc8 25. Re1 Rc2 26. Nxg4 Rcxb2 27. Rxb2 Rxb2 {½-½ (34) Christiansen,L (2585)-Short,N (2430) Hastings 1982}) 20... g4 21. Nd2 Bxd4 22. Nb3 Bb6 23. Nc5 Rd8 24. Bc7 {[%emt 0:05:40] White is much more active. The black rooks are badly placed.} ({Much weaker is} 24. Nxd7 Rxd7 25. Rc8+ Bd8 26. Rxd8+ Rxd8 $11) (24. b4 {seems wilder.} e5 25. a4 h5 26. a5) 24... Bxc7 25. Rxc7 a5 $1 26. Ra7 (26. Nxd7 Rxd7 27. Rc8+ Rd8 $17) 26... Rc8 27. Rxa5 Ke7 28. Ra7 Rhd8 29. a4 ({Much worse is} 29. b4 Ra8 30. Rc7 Rxa2 $17) 29... Ra8 30. Rb7 Kd6 31. Rb6+ Ke7 32. Rb7 Kd6 33. b3 $36 {[%emt 0:05:32][%mdl 2048] White is more active.} e5 34. Kf1 d4 (34... Bc6 $11) 35. Ke1 ({Better is} 35. Rb6+ $1 $16 Ke7 36. Nxd7 Kxd7 37. Rcc6) 35... h5 (35... Rab8 $11 {keeps the balance.}) 36. Kd2 (36. Rb6+ $16 Ke7 37. Nxd7 Kxd7 38. Rcc6) 36... Bc6 (36... Rab8 $1 $11) 37. Rb6 $1 $16 Kc7 {[%emt 0:03:02][%csl LRb6,LRg2] [#]} 38. Nd7 Kxd7 39. Rcxc6 {[%emt 0:00:05][%mdl 4096] Endgame KRR-KRR} Rdb8 40. Rd6+ Ke7 41. Re6+ (41. Rxf6 $16 {Hoping for Rbe6+.} Rxb6 42. Rxb6) 41... Kd7 $11 42. Red6+ (42. Rxf6 $11 Rxb6 43. Rxb6) 42... Ke7 $16 43. Rxf6 Rxb6 44. Rxb6 {[%emt 0:00:00] KR-KR} Rf8 45. Ke2 {[%emt 0:00:00] And now a5 would win.} Rc8 {[%emt 0:00:00] [#]} (45... d3+ $16 {might work better.} 46. Kxd3 Rxf2) 46. a5 $1 $18 Rc2+ 47. Ke1 $2 (47. Kd3 $18 Rxf2 48. a6) 47... d3 {[%emt 0:00:00][%mdl 8192] [#] Loses the game.} (47... Rc1+ $14 48. Kd2 Ra1) 48. a6 (48. Rb4 $142 $1) 48... Re2+ (48... Ra2 $142 49. Rh6 Kf7) 49. Kd1 Rxf2 $2 (49... Ra2 50. Rh6 Kf7) 50. Rb4 Rf8 51. Kd2 Kd6 52. Kxd3 Ra8 53. Ra4 Ra7 54. g3 Kc7 55. Ke4 Kb8 56. b4 Rd7 57. b5 {[%emt 0:00:00] White wants to mate with b6.} Rd2 58. b6 {[%emt 0:00:00] White mates.} Rb2 59. b7 Ka7 60. Kxe5 Rxh2 61. Rb4 Re2+ 62. Kf4 Re8 63. b8=Q+ {[%emt 0:00:00] Weighted Error Value: White=0.21 (precise) /Black=0.38} 1-0

[Event "Krakow Championship-A 2022"]
[Site "Krakow"]
[Date "2022.06.28"]
[Round "5.11"]
[White "Pniaczek, Marek"]
[Black "Seemann, Jakub"]
[Result "0-1"]
[ECO "B47"]
[WhiteElo "2298"]
[BlackElo "2363"]
[Annotator "TA"]
[PlyCount "104"]
[EventDate "2022.06.25"]
[EventType "swiss"]
[EventCountry "POL"]
[SourceTitle "playchess.com"]
[Source "ChessBase"]
[SourceQuality "1"]
[TimeControl "40/5400+30:1800+30"]

1. e4 c5 2. Nf3 e6 3. d4 cxd4 4. Nxd4 Nc6 5. Nc3 Qc7 6. g3 a6 7. Bg2 Nf6 8. O-O Nxd4 9. Qxd4 Bc5 10. Bf4 d6 11. Qd2 h6 12. Rad1 e5 13. Be3 Bxe3 {[%emt 0:00:04] B47: Sicilian: Taimanov: 5 Nc3 Qc7 6 f4, 6 g3 and 6 Be2.} 14. fxe3 Be6 15. Qxd6 Rc8 {[%emt 0:00:08] White is slightly better.} 16. h3 h5 {[%emt 0:00:05] [#]} 17. Rf2 $146 ({Predecessor:} 17. Qxc7 Rxc7 18. Rd6 Ke7 19. Rfd1 Nd7 20. a4 Rhc8 21. R6d3 Nc5 22. R3d2 f6 23. a5 {0-1 (41) Chabris,C (2080)-Seemann,J (2299) Chess.com INT 2021}) 17... Qxd6 18. Rxd6 Ke7 {[%emt 0:01:37] [#]} 19. Rb6 Rc7 20. Nd5+ Bxd5 21. exd5 Ne8 {[%emt 0:06:11] Prevents d6+.} 22. c4 Nd6 23. Rc2 {[%emt 0:00:32] c5 is the strong threat.} Rhc8 24. b3 Rc5 25. Rf2 R8c7 (25... f5 $14) 26. Bf1 ({White should play} 26. h4 $16) 26... a5 27. Rd2 Kd7 28. h4 {[%emt 0:01:28] Strongly threatening Bh3+.} e4 (28... Rc8 $1 $11 {remains equal.}) 29. Kf2 ({White should try} 29. Rf2 $16) 29... Rc8 $11 30. b4 axb4 31. Rxb4 f5 (31... Ke7 $11) 32. Rdb2 ({Better is} 32. a4 $16) 32... Kc7 (32... Nxc4 $11 33. Rxb7+ R8c7 34. Rxc7+ (34. Bxc4 Rxc4 35. Kf1 Kd6 $11) 34... Rxc7) 33. Be2 $36 {[%emt 0:04:34][%mdl 2048] White has the initiative.} g6 34. Rb6 (34. a4 $16) 34... Ra8 $1 $11 35. R6b4 Ra3 36. R4b3 Ra7 37. Rb4 Nc8 (37... Ra3 $11 {keeps the balance.}) 38. Bd1 (38. a4 $16) 38... b6 {[%emt 0:01:44] [#]} (38... Nd6 $11) 39. Bb3 (39. a4 $1 $16) 39... Ra3 40. Ke2 Rca5 41. d6+ (41. Rb5 $11) 41... Nxd6 $15 42. Kd2 Nb7 {[%emt 0:01:21] Black is more active.} 43. c5 bxc5 (43... Nxc5 $17 44. Rc2 Kb7 45. Bd5+ Ka7) 44. Rc2 Nd6 {[%emt 0:00:50] White must now prevent ...Kd7.} 45. Bg8 $2 {[%emt 0:01:40][%mdl 8192] This costs White the game.} (45. Ke2 $1 $15) 45... Rd3+ $19 46. Ke2 Kd7 47. Rb3 c4 48. Rbc3 Rxc3 49. Rxc3 Rxa2+ 50. Kf1 Ra8 51. Bh7 (51. Bd5 Rc8 52. Ke1) 51... Rh8 52. Bxg6 Rh6 {[%emt 0:00:04] Weighted Error Value: White=0.51/Black=0.23 (precise)} 0-1

[Event "Krakow Championship-A 2022"]
[Site "Krakow"]
[Date "2022.06.28"]
[Round "5.12"]
[White "Paszewski, Mateusz"]
[Black "Skytte, Rasmus"]
[Result "1/2-1/2"]
[ECO "A20"]
[WhiteElo "2286"]
[BlackElo "2357"]
[Annotator "TA"]
[PlyCount "41"]
[EventDate "2022.06.25"]
[EventType "swiss"]
[EventCountry "POL"]
[SourceTitle "playchess.com"]
[Source "ChessBase"]
[SourceQuality "1"]
[TimeControl "40/5400+30:1800+30"]

1. c4 e5 2. g3 Nf6 3. Bg2 d5 4. cxd5 Nxd5 5. Nf3 Nc6 6. O-O Nb6 7. b3 {[%emt 0:00:16] A20: English Opening: 1...e5.} Be7 {[%emt 0:02:06] 7...Be6 deserves study.} 8. Bb2 Bf6 (8... f6 $11 {should be considered.}) 9. Nc3 $16 {[%emt 0:02:26] White is better.} Bf5 {[%emt 0:01:05] Inhibits Ne4.} 10. d3 {[%emt 0:01:29] Against e4. White is slightly better.} O-O 11. Ne4 Bxe4 12. dxe4 Qe7 13. Qc2 a5 14. a3 Rfd8 {[%emt 0:05:39] [#]  Weighted Error Value: White=0.02 (flawless) /Black=0.07 (flawless)} {Predecessor:} 15. e3 $146 Rd6 16. Rfc1 h6 17. Bf1 Rc8 18. Bc3 Qe6 19. Kg2 g6 20. Bb5 Ra8 21. Qb2 {0-1 (49) Labussiere,Y (2065)-Gauche,C (2201) Caioba 2019} 1/2-1/2

[Event "Krakow Championship-A 2022"]
[Site "Krakow"]
[Date "2022.06.28"]
[Round "5.13"]
[White "Lye, Lik Zang"]
[Black "Lim, Zhuo Ren"]
[Result "1/2-1/2"]
[ECO "D45"]
[WhiteElo "2358"]
[BlackElo "2290"]
[Annotator "TA"]
[PlyCount "97"]
[EventDate "2022.06.25"]
[EventType "swiss"]
[EventCountry "POL"]
[SourceTitle "playchess.com"]
[Source "ChessBase"]
[SourceQuality "1"]
[TimeControl "40/5400+30:1800+30"]

1. d4 Nf6 2. c4 e6 3. Nf3 d5 4. Nc3 c6 5. e3 Nbd7 6. Qc2 a5 {[%emt 0:00:05] D45: Semi-Slav: 5 e3.} 7. Be2 dxc4 8. Bxc4 b5 9. Bd3 Bb7 10. O-O (10. e4 $5 ) 10... b4 11. Ne4 Nxe4 12. Bxe4 {[%emt 0:00:10] [#]} Be7 $146 ({Predecessor:} 12... Rc8 13. Ne5 Nxe5 14. dxe5 Qc7 15. f4 c5 16. f5 Bxe4 17. Qxe4 exf5 18. Qxf5 c4 {0-1 (42) Krishnater,K (2410)-Stany,G (2522) Chess.com INT 2020}) 13. b3 ({Don't play} 13. Bxc6 Rc8 14. Bxd7+ Qxd7 $11) 13... Rc8 14. Bb2 Nf6 15. Ne5 Nxe4 16. Qxe4 O-O 17. Rfc1 Qd5 18. Qg4 f5 {[%emt 0:02:26] Prevents e4.} 19. Qf3 Qxf3 20. gxf3 c5 21. dxc5 Rxc5 22. Bd4 Rcc8 23. Kg2 Bf6 24. Kg3 g5 25. f4 g4 26. Bb6 (26. h3 $11) 26... h5 $1 $15 {[%emt 0:06:13][%csl Gf6][%cal Rh5h4] [#]} 27. h4 Ra8 ({Black should try} 27... Bxe5 $17 28. fxe5 Rc3) 28. Rc7 $11 Bxe5 29. fxe5 f4+ 30. exf4 Be4 31. Rd1 Rf7 {[%emt 0:05:36] Against Re7} 32. Rdd7 Rxd7 33. Rxd7 {[%emt 0:00:03][%mdl 4096] Endgame KRB-KRB} Ra6 34. Be3 Bf5 {[%emt 0:00:16] The position is equal.} 35. Ra7 Rxa7 36. Bxa7 {[%emt 0:00:20] KB-KB} Kf7 37. Bb6 Bb1 38. Bxa5 Kg6 39. Bxb4 Bxa2 40. f3 gxf3 41. Kxf3 Kf5 42. Be7 {[%emt 0:00:37] [#] aiming for b4.} (42. Bd6 $5 ) 42... Bxb3 43. Kg3 Bd5 44. Bg5 Ba8 45. Bd8 Bb7 46. Bg5 Ba8 47. Bd8 Bb7 48. Bg5 Ba8 49. Bd8 {[%emt 0:00:05] Weighted Error Value: White=0.08 (flawless) /Black=0.06 (flawless)} 1/2-1/2

[Event "Krakow Championship-A 2022"]
[Site "Krakow"]
[Date "2022.06.28"]
[Round "5.14"]
[White "Turcan, Richard"]
[Black "Stevik, Patrik jun."]
[Result "1/2-1/2"]
[ECO "E71"]
[WhiteElo "2278"]
[BlackElo "2188"]
[Annotator "TA"]
[PlyCount "32"]
[EventDate "2022.06.25"]
[EventType "swiss"]
[EventCountry "POL"]
[SourceTitle "playchess.com"]
[Source "ChessBase"]
[SourceQuality "1"]
[TimeControl "40/5400+30:1800+30"]

1. d4 Nf6 2. c4 g6 3. Nc3 Bg7 4. e4 d6 5. h3 O-O 6. Be3 a6 {[%emt 0:00:06] E71: King's Indian: 4 e4 d6 5 h3.} 7. Be2 {[%emt 0:01:19] [#]} c5 $146 ({Predecessor:} 7... Nbd7 8. Nf3 c5 9. O-O cxd4 10. Nxd4 Nc5 11. Bf3 e5 12. Nc2 Be6 13. b3 b5 14. cxb5 axb5 15. Bxc5 dxc5 16. Nxb5 {½-½ (60) Riazantsev,A (2671)-Bortnyk,O (2581) Doha 2016}) 8. dxc5 Qa5 {[%emt 0:03:02][%csl LRc5,LRe4] [#] Threatens to win with ...Nxe4. White is slightly better.} 9. cxd6 (9. Qa4 $14 Qxa4 10. Nxa4) 9... Nxe4 $1 $15 10. dxe7 Bxc3+ (10... Re8 $5 11. Rc1 Nxc3 12. bxc3 Bxc3+ 13. Kf1 Nc6 $15) 11. bxc3 {[%emt 0:00:11] The position is equal.} Qxc3+ 12. Bd2 Nxd2 13. exf8=Q+ Kxf8 14. Rc1 Nf3+ $1 {[%emt 0:00:10][%mdl 64] [#] Discovered Attack (Double check)} 15. Kf1 Nd2+ 16. Ke1 Nf3+ $1 {[%emt 0:00:22][%mdl 64] Discovered Attack (Double check).  Weighted Error Value: White=0.24 (precise) /Black=0.10 (very precise)} 1/2-1/2

[Event "Krakow Championship-A 2022"]
[Site "Krakow"]
[Date "2022.06.28"]
[Round "5.15"]
[White "Szustakowski, Antoni"]
[Black "Goroshkov, Maksym"]
[Result "1/2-1/2"]
[ECO "E10"]
[WhiteElo "2265"]
[BlackElo "2226"]
[Annotator "TA"]
[PlyCount "141"]
[EventDate "2022.06.25"]
[EventType "swiss"]
[EventCountry "POL"]
[SourceTitle "playchess.com"]
[Source "ChessBase"]
[SourceQuality "1"]
[TimeControl "40/5400+30:1800+30"]

1. d4 Nf6 2. c4 e6 3. Nf3 d5 4. g3 Bb4+ 5. Nbd2 O-O 6. Bg2 c5 7. O-O {[%emt 0:13:15] E01: Catalan: Early deviations.} cxd4 8. cxd5 {[%emt 0:06:49] [#]} d3 $146 ({Predecessor:} 8... Qxd5 9. Nb3 d3 10. Nfd4 dxe2 11. Qxe2 Qd7 12. Rd1 Nd5 13. Qc4 Be7 14. Bf4 Nxf4 15. gxf4 {0-1 (28) Xu,X (2532)-Quparadze,G (2516) Konya 2017}) 9. e4 {[%emt 0:02:54][%cal Od5d6] White has an edge.} exd5 10. e5 Ne4 11. Nb3 b6 12. a3 Bc5 13. Ne1 Ba6 14. Nxd3 Nc6 15. Ndxc5 bxc5 16. Re1 {[%emt 0:00:14] next Be3 is good for White.} Nxe5 17. Nxc5 Nxc5 18. Rxe5 Bc4 19. Bg5 {[%emt 0:06:41] Against Qf6} (19. Bxd5 $5 Nd3 20. Bxa8 Nxe5 21. Qxd8 Rxd8 22. Bf4 $14) 19... Qc7 (19... Qb6 $1 $11 {remains equal.}) 20. Rxd5 ({White should try} 20. Re3 $16) 20... Bxd5 $15 21. Bxd5 {[%emt 0:00:11] Strongly threatening Rc1. This bishop pair is nice.} Rac8 $1 22. Rc1 Qd7 23. Be3 Ne6 (23... Rfd8 $5) 24. Rxc8 Rxc8 25. Qf3 Rd8 26. Bc4 h6 27. h4 $1 {[%emt 0:00:33] Prevents Ng5.} Qa4 28. Qg4 {[%emt 0:01:35][%mdl 8192] [#]} (28. Qe4 $15) 28... Rd4 $3 $19 29. Bxd4 Qxc4 30. Qf3 Qxd4 {[%emt 0:00:33][%mdl 4096] Endgame} 31. b4 Nf8 32. Kg2 Qb2 33. Qe3 a6 34. Qd3 {[%emt 0:01:05] [#]} Qf6 35. b5 axb5 36. Qxb5 Ne6 {[%emt 0:04:26] Threatens to win with ...Qd8.} 37. a4 Qd8 38. Qc6 Nd4 39. Qe4 Ne6 40. Qc6 $1 h5 41. Kg1 g6 42. Qb5 Qa8 43. a5 Nd4 44. Qb6 (44. Qb4 Nf3+ 45. Kf1) 44... Nc6 $2 (44... Nf3+ $19 {has better winning chances.} 45. Kf1 Nd2+ 46. Kg1 Nc4) 45. a6 $17 Kg7 46. Qb2+ Kg8 47. Qb6 Qc8 48. Kg2 Nb8 49. Qb7 (49. a7 $17 Nc6 50. Qe3) 49... Qxb7+ (49... Qc6+ $19 50. Qxc6 Nxc6) 50. axb7 $19 {[%emt 0:00:00] KN-KP} Kg7 {[%emt 0:00:00] ...Kf6 is the strong threat.} 51. Kf3 f5 (51... f6 $17 52. g4 f5 53. gxh5 gxh5) 52. Ke3 $11 Nc6 53. f3 Kf6 54. Kf4 Nb8 55. Ke3 $1 Ke5 56. Kd3 Nc6 57. Ke2 f4 (57... Kd4 $17 58. Kd2 Nb8) 58. gxf4+ {[%emt 0:00:00] The position is equal.} Kxf4 {[%emt 0:00:00] Hoping for ...Kg3. KN-K3P} 59. Kf2 Nb8 60. Kg2 $1 Kf5 61. Kf2 Nd7 62. Kg2 Ke5 63. Kg3 Nb8 64. Kf2 Kf4 65. Kg2 $1 Ke3 66. Kg3 Nd7 67. Kg2 $1 Kf4 68. Kf2 Kf5 ({Not} 68... Ke5 $2 69. Ke3 $19) 69. Kg2 Ke6 70. Kg3 Ke5 71. Kf2 {[%emt 0:00:00] White happily takes the draw.  Weighted Error Value: White=0.28 (precise) /Black=0.36} 1/2-1/2

[Event "Krakow Championship-A 2022"]
[Site "Krakow"]
[Date "2022.06.28"]
[Round "5.16"]
[White "Mikrut, Dariusz"]
[Black "Kyc, Jerzy"]
[Result "1/2-1/2"]
[ECO "D30"]
[WhiteElo "2361"]
[BlackElo "2213"]
[Annotator "TA"]
[PlyCount "46"]
[EventDate "2022.06.25"]
[EventType "swiss"]
[EventCountry "POL"]
[SourceTitle "playchess.com"]
[Source "ChessBase"]
[SourceQuality "1"]
[TimeControl "40/5400+30:1800+30"]

1. d4 d5 2. c4 c6 3. Nf3 Nf6 4. e3 e6 5. Nbd2 c5 6. cxd5 Nxd5 {[%emt 0:01:30] D30: Queen's Gambit Declined: Systems without Nc3.} 7. Nb3 cxd4 8. Nbxd4 Be7 {[%emt 0:00:38] [#]} 9. Bd3 $146 ({Predecessor:} 9. Be2 O-O 10. O-O Nf6 11. b3 Nbd7 12. Bb2 Nc5 13. Ne5 Ncd7 14. Nc4 Nc5 15. Ne5 Ncd7 16. Nc4 Nc5 17. b4 Nce4 18. a3 Bd7 19. Bf3 Rc8 20. Rc1 Rc7 21. Ne5 {½-½ (21) Dunnington,A (2450)-Flear,G (2435) Toulouse 1996}) 9... O-O 10. O-O Qb6 11. a3 Bf6 12. e4 Bxd4 13. exd5 Bf6 14. Qc2 (14. Be3 $16 Qd8 15. d6) 14... h6 15. Bc4 exd5 16. Bxd5 Nc6 17. Rb1 Nd4 18. Nxd4 Bxd4 19. b4 Be6 20. Bxe6 {[%emt 0:01:25] The position is equal.} Qxe6 21. Qb3 Rfe8 22. Qxe6 Rxe6 23. Bb2 Bxb2 {[%emt 0:02:14] Weighted Error Value: White=0.11 (very precise) /Black=0.07 (flawless)} 1/2-1/2

[Event "Krakow Championship-A 2022"]
[Site "Krakow"]
[Date "2022.06.28"]
[Round "5.17"]
[White "Jacobsen, Mikkel Manosri"]
[Black "Gahan M G"]
[Result "1-0"]
[ECO "A48"]
[WhiteElo "2251"]
[BlackElo "2248"]
[Annotator "TA"]
[PlyCount "117"]
[EventDate "2022.06.25"]
[EventType "swiss"]
[EventCountry "POL"]
[SourceTitle "playchess.com"]
[Source "ChessBase"]
[SourceQuality "1"]
[TimeControl "40/5400+30:1800+30"]

1. d4 Nf6 2. Nf3 g6 3. c4 Bg7 4. e3 d5 5. cxd5 Nxd5 6. e4 {[%emt 0:00:11] D70: Grünfeld: Unusual White 3rd moves (met by ...d5).} Nb6 7. Be2 {[%emt 0:00:05] 7.h3 deserves study.} Bg4 8. Nbd2 {[%emt 0:00:05] The position is equal.} O-O 9. h3 Be6 10. Nb3 {[%emt 0:04:18] [#]} Bxb3 $146 ({Predecessor:} 10... Bc4 11. Na5 Bxe2 12. Qxe2 Qc8 13. Bd2 Na6 14. Rc1 c6 15. d5 c5 16. b4 Nd7 {1-0 (36) Moehn,H (2370)-Poelt,C (2094) Tegernsee 2019}) 11. axb3 Qd6 12. O-O Nc6 13. Be3 Rfd8 14. d5 Ne5 15. Nd4 {[%emt 0:01:58] aiming for Nb5.} c6 {[%emt 0:00:32] Inhibits Nb5.} 16. f4 Ned7 17. dxc6 bxc6 18. e5 {[%emt 0:01:54] [#]} (18. Rc1 $11 c5 19. Nb5) 18... Nxe5 $1 $17 19. fxe5 Qxe5 20. Bf2 Rxd4 (20... Qf4 {feels hotter.} 21. Ne6 fxe6 22. Qc1 Qxc1 23. Raxc1 Rd6) 21. Bxd4 Qxd4+ 22. Qxd4 Bxd4+ 23. Kh1 Nd7 ({Black should try} 23... Nd5 $15) 24. Rfd1 e5 25. Bf3 Rc8 26. b4 f5 27. Ra6 Nb8 28. Ra2 Rc7 29. g4 Kf7 30. gxf5 gxf5 31. Rc1 Ke6 32. b5 c5 (32... e4 $15 33. Be2 Be3) 33. Be2 $1 $11 Nd7 34. Bc4+ Kd6 35. Rf1 f4 36. Kg2 (36. b3 $1 $15) 36... Nb6 $17 37. b3 (37. Ra6 $17) 37... Re7 $2 (37... Rg7+ 38. Kf3 $11) (37... Nxc4 $19 38. bxc4 Ke6 39. Ra6+ Kf5) 38. Ra6 $1 $11 {[%emt 0:05:31][%mdl 1024] White has compensation.} Rg7+ 39. Kf3 $1 Rg3+ 40. Ke4 Re3+ (40... Rxh3 41. Rxa7 h6 42. Rg7 $16) 41. Kf5 Rxh3 42. Rxa7 Nc8 43. Ra6+ Ke7 $2 (43... Kc7 $14) 44. Ke4 $18 (44. Re6+ Kd7 $11) 44... Re3+ 45. Kd5 Kd7 46. Re6 {[%emt 0:00:00] Rh1 is the strong threat.} Ne7+ 47. Rxe7+ Kxe7 {[%emt 0:00:00][%mdl 4096] Endgame KRB-KRB} 48. b6 {[%emt 0:00:00][%cal Bb5b6,Bb6b7][%mdl 32] Threatening mate with b7.} Rg3 49. b7 Rg8 50. Kc6 Rf8 {[%emt 0:00:00] [#]} (50... Re8 {is a better defense.} 51. Rh1 (51. Kc7 e4 $11) 51... Kf6) 51. Rh1 $1 ({And not} 51. Kc7 e4 $11) 51... Kf6 52. Rxh7 {[%emt 0:01:31] Strongly threatening Rc7.} ({Worse is} 52. Kc7 e4 $11) 52... Kg6 $2 {[%emt 0:00:00] [#]} (52... Rb8 53. Kc7 Rf8) 53. Rf7 $1 {[%emt 0:01:09][%mdl 512] White is clearly winning.} Rh8 (53... Rb8 54. Kc7) 54. Rc7 {[%emt 0:00:36] Rc8 would kill now.} ({Less strong is} 54. Kc7 e4 $18) 54... Rb8 55. Rc8 {[%emt 0:01:07][%mdl 64] Trapped Piece} Rxb7 56. Kxb7 e4 57. Re8 Kf5 58. Bd5 e3 59. Bf3 {[%emt 0:00:07] Quite a comeback for White.  Weighted Error Value: White=0.23 (precise) /Black=0.45} 1-0

[Event "Krakow Championship-A 2022"]
[Site "Krakow"]
[Date "2022.06.28"]
[Round "5.18"]
[White "Malicka, Maria"]
[Black "Kantorik, Marian"]
[Result "1/2-1/2"]
[ECO "C10"]
[WhiteElo "2377"]
[BlackElo "2211"]
[Annotator "TA"]
[PlyCount "96"]
[EventDate "2022.06.25"]
[EventType "swiss"]
[EventCountry "POL"]
[SourceTitle "playchess.com"]
[Source "ChessBase"]
[SourceQuality "1"]
[TimeControl "40/5400+30:1800+30"]

1. e4 e6 2. d4 d5 3. Nc3 dxe4 4. Nxe4 Nd7 5. g3 Ngf6 6. Nxf6+ Nxf6 7. Bg2 c5 {[%emt 0:07:09] 7...e5 is the hot move.} 8. Ne2 {[%emt 0:00:29] C10: French with 3 Nc3: Unusual Black 3rd moves and 3...dxe4.} cxd4 9. Qxd4 Qxd4 10. Nxd4 {[%emt 0:00:04] White is better.} a6 {[%emt 0:01:22] Against Nb5 was the old line (10...Bc5).} 11. O-O Bd6 12. c4 {[%emt 0:06:46] [#]} Rb8 $146 ({Predecessor:} 12... O-O 13. h3 Rb8 14. Rd1 Bc7 15. Nb3 e5 16. Be3 b6 17. c5 Be6 18. cxb6 Bxb6 {1-0 (70) Hamann,C (2203)-Mitscherling,A (2249) Germany 2005}) 13. Rd1 {[%emt 0:22:23][%cal Od4e6] Hoping for Nxe6!} Bc7 14. Nb3 O-O 15. Be3 b6 16. Nd4 {[%emt 0:13:18] [#] Black must now prevent Nc6.} Bb7 17. Nc6 (17. Bxb7 $16 Rxb7 18. Nc6) 17... Bxc6 $11 18. Bxc6 Rfc8 (18... Ng4 $11) 19. Bg2 {[%emt 0:10:19] White is more active. A strong pair of Bishops.} Be5 20. Rac1 Ng4 $1 21. Bd4 g6 22. h3 Bxd4 23. Rxd4 Nf6 24. Rcd1 Kf8 25. Kf1 Ke7 26. b3 Rd8 27. Ke2 Rxd4 28. Rxd4 Rd8 29. Rxd8 Kxd8 {[%emt 0:00:07][%mdl 4096] Endgame KB-KN} 30. b4 Kc7 31. Kd3 Kd6 32. a4 Nd7 33. f4 e5 34. fxe5+ Nxe5+ 35. Kd4 Nd7 {[%emt 0:00:34] Against c5+} (35... Nc6+ $11 {and Black stays safe.} 36. Bxc6 Kxc6) 36. a5 $18 bxa5 37. c5+ ({Stronger than} 37. bxa5 Nc5 $11) 37... Kc7 38. bxa5 f5 39. Bf1 $2 (39. Bf3 $18) 39... Nb8 $1 $11 {[%emt 0:00:22] The position is equal.} 40. Ke5 Nc6+ 41. Kf6 {[%emt 0:30:07] [#] aiming for Kg7.} Nxa5 42. Kg7 Nb3 {[%emt 0:00:22] Threatens to win with ...a5.} 43. Kxh7 Nxc5 44. Kxg6 Ne4 $1 45. g4 fxg4 46. hxg4 Nf2 47. g5 Ne4 48. Bxa6 Nxg5 {[%emt 0:00:00] Weighted Error Value: White=0.18 (very precise) /Black=0.17 (very precise)} 1/2-1/2

[Event "Krakow Championship-A 2022"]
[Site "Krakow"]
[Date "2022.06.28"]
[Round "5.19"]
[White "Torkkola, Henri"]
[Black "Liu, Casper"]
[Result "0-1"]
[ECO "D00"]
[WhiteElo "2197"]
[BlackElo "2218"]
[Annotator "RC"]
[PlyCount "60"]
[EventDate "2022.06.25"]
[EventType "swiss"]
[EventCountry "POL"]
[SourceTitle "playchess.com"]
[Source "ChessBase"]
[SourceQuality "1"]
[TimeControl "40/5400+30:1800+30"]

1. d4 d5 2. Bf4 c5 3. e3 cxd4 4. exd4 Nc6 5. c3 f6 6. Bd3 e5 7. Qh5+ g6 8. Bxg6+ hxg6 9. Qxh8 exf4 10. Qxg8 Bf5 11. Qh7 Qb6 12. Ne2 Qxb2 13. O-O O-O-O 14. c4 Qxa1 15. Nbc3 Qb2 16. Nxd5 Bd6 17. c5 Qxe2 18. cxd6 Bd7 19. Nxf6 Qe6 20. Qg7 Qxd6 21. d5 Ne7 22. Rc1+ Kb8 23. Ne4 Nf5 24. Qc3 Qb6 25. Qe5+ Ka8 26. Ng5 a6 27. Qxf4 Nd4 28. Qd2 Bb5 29. Re1 Rxd5 30. Qe3 Ne2+ 0-1